 Dungeon Crawl Stone Soup version 0.31-a0-1608-g7d6f0ae (webtiles) character file.

Game seed: 272908580460165685

259 PidgeyThePirate the Shooter (level 5, -2/40 HPs)
             Began as a Spriggan Hunter on Jan 8, 2024.
             Incinerated by a bombardier beetle (5 damage)
             ... with a burning spray
             ... on level 4 of the Dungeon.
             The game lasted 00:07:40 (2185 turns).

PidgeyThePirate the Shooter (Spriggan Hunter)       Turns: 2185, Time: 00:07:40

Health: -2/40      AC: 22    Str:  7    XL:     5   Next: 95%
Magic:  6/6        EV:  4    Int: 10    God:
Gold:   89         SH:  0    Dex: 21    Spells: 4/4 levels left

rFire   . . .        a - +0 shortbow
rCold   . . .        (shield currently unavailable)
rNeg    . . .        c - melded +0 robe
rPois   +            (helmet currently unavailable)
rElec   .            (cloak currently unavailable)
rCorr   .            (gloves unavailable)
SInv    +            (boots unavailable)
Will    .....        (no amulet)
Stlth   +            (no ring)
HPRegen 0.26/turn    (no ring)
MPRegen 0.10/turn

%: no passive effects
@: on fire, tree-form, glowing, invisible (but backlit and visible)
A: stationary, stasis, torment immunity, boosted hp, very small, no large
weapons, unfitting armour, see invisible, (speed 3)
a: no special abilities


You were on level 4 of the Dungeon.
You were a tree.
You visited 1 branch of the dungeon, and saw 4 of its levels.

You collected 89 gold pieces.

Inventory:

Hand Weapons
 a - a +0 shortbow (weapon)
Armour
 c - a +0 robe (melded)
 k - an orb of mayhem
Scrolls
 b - a scroll of butterflies
 d - a scroll of teleportation {unknown}
 e - a scroll of fog {unknown}
 f - 3 scrolls of poison {unknown}
 h - a scroll of silence {unknown}
 j - a scroll of identify {unknown}
 l - 4 scrolls of immolation {unknown}
 m - 2 scrolls of fear {unknown}
 n - a scroll of amnesia {unknown}
 o - a scroll of noise {unknown}
 v - a scroll of summoning {unknown}
Potions
 g - a potion of degeneration {unknown}
 i - 2 potions of lignification
 p - a potion of cancellation {unknown}
 q - a potion of ambrosia {unknown}
 r - a potion of might {unknown}
 s - a potion of curing {unknown}
 t - a potion of invisibility
 u - a potion of brilliance {unknown}


   Skills:
 + Level 2.6 Fighting
 + Level 6.4 Ranged Weapons
 + Level 3.6 Dodging
 + Level 1.7 Stealth


You had 4 spell levels left.
You didn't know any spells.
Your spell library contained the following spells:

 Spells                   Type           Power      Damage    Failure   Level
 Freeze                   Ice            0%         1d3       36%         1
 Magic Dart               Conj           0%         1d3       36%         1
 Summon Small Mammal      Summ           0%         N/A       36%         1
 Blink                    Tloc           0%         N/A       50%         2
 Call Imp                 Summ           0%         N/A       50%         2
 Call Canine Familiar     Summ           0%         N/A       75%         3
 Dazzling Flash           Conj/Hex       0%         N/A       75%         3
 Frozen Ramparts          Ice            0%         1d1       75%         3
 Hailstorm                Conj/Ice       0%         3d5       75%         3
 Mephitic Cloud           Conj/Alch/Air  0%         N/A       75%         3
 Summon Blazeheart Golem  Fire/Summ      0%         N/A       98%         4
 Curse of Agony           Necr           0%         N/A       100%        5
 Silence                  Hex/Air        0%         N/A       100%        5


Dungeon Overview and Level Annotations

Branches:
Dungeon (4/15)
 Temple: D:4-7

Altars:


Innate Abilities, Weirdness & Mutations

You are a tree.
Your roots penetrate the ground, keeping you stationary.
You cannot be teleported.
You are immune to unholy pain and torment.
Your maximum health is greatly increased.
Your equipment is partially melded.
You are very small and have problems with some larger weapons.
You are too small for most types of armour.
You have supernaturally acute eyesight. (SInv)
((You cover ground extremely quickly. (Speed+++)))


Message History

Aim: a bombardier beetle (almost dead, 76% to hit)
You shoot an arrow.
The arrow hits the bombardier beetle but does no damage.
The bombardier beetle is almost dead.
The liquid fire burns you!
The bombardier beetle sprays incendiary fluid at you.
The burning spray hits you.
You are even more covered in liquid fire!
Fire: a) +0 shortbow
Press: ? - help, Q - select action Shift-Dir - straight line, f/p - bombardier beetle
Aim: a bombardier beetle (almost dead, 76% to hit)
You shoot an arrow.
The arrow barely misses the bombardier beetle.
The liquid fire burns you!
Fire: a) +0 shortbow
Press: ? - help, Q - select action Shift-Dir - straight line, f/p - bombardier beetle
Aim: a bombardier beetle (almost dead, 76% to hit)
You shoot an arrow. The arrow hits the bombardier beetle.
You kill the bombardier beetle!
The liquid fire burns you!
You are on fire!
You are on fire!
You are on fire!
You shake off some of the fire as you move.
The liquid fire burns you!
* * * LOW HITPOINT WARNING * * *
You shake off some of the fire as you move.
The liquid fire burns you!
* * * LOW HITPOINT WARNING * * *
You shake off some of the fire as you move.
The liquid fire burns you!
* * * LOW HITPOINT WARNING * * *
It was a potion of lignification.
You turn into a tree.
Your +0 robe melds into your body.
Your roots penetrate the ground.
The liquid fire burns you!
* * * LOW HITPOINT WARNING * * *
It was a potion of invisibility.
You become transparent, but the glow from your liquid flames prevents you from becoming completely invisible.
The liquid fire burns you!
You die...

########
#...?..#
#...♣..#
#.#......#
.#........#
.......<..#
##........#
##.......#
#..†....#
##......#
#.....##


There were no monsters in sight!

Vanquished Creatures
  A black bear (D:3)
  A bombardier beetle (D:4)
  3 adders
  A gnoll (D:1)
  3 ribbon worms
  7 dart slugs
  An orc (D:3)
  4 giant cockroaches
  5 goblins
  10 hobgoblins
  9 jackals
  5 kobolds
  A quokka (D:3)
  3 ball pythons
  3 bats
  4 frilled lizards
  7 rats
68 creatures vanquished.

Notes
Turn   | Place    | Note
-------+----------+-------------------------------------------
     0 | D:1      | PidgeyThePirate the Spriggan Hunter began the quest for the
                  | Orb.
     0 | D:1      | Reached XP level 1. HP: 10/10 MP: 2/2
    56 | D:1      | Found a faded altar of an unknown god.
   241 | D:1      | Reached XP level 2. HP: 15/15 MP: 3/3
   351 | D:1      | Reached XP level 3. HP: 18/18 MP: 4/4
  1119 | D:2      | Reached skill level 5 in Ranged Weapons
  1302 | D:2      | Reached XP level 4. HP: 23/23 MP: 5/5
  1916 | D:3      | Noticed a black bear
  1948 | D:3      | Killed a black bear
  1949 | D:3      | Reached skill level 6 in Ranged Weapons
  1949 | D:3      | Reached XP level 5. HP: 26/26 MP: 6/6
  2185 | D:4      | Incinerated by a bombardier beetle

Illustrated notes

Levels and vault maps discovered:
D:1:      dpeg_arrival_three_bigger_balls, layout_loops_corners,
          ebering_ecumenical_altar_webs, minmay_distorted
D:2:      layout_loops_cross, minmay_3d_cube
D:3:      layout_rooms, dreamdust_mushroom_princess, minmay_door_square,
          minmay_close_crescents
D:4:      layout_rooms, grunt_qazlal_clouds, uniq_edmund, uniq_eustachio

Skill      XL: |  1  2  3  4 |
---------------+-------------+-----
Dodging        | 3 |  3.6
Ranged Weapons | 5 6 |  6.4
Fighting       | 2 |  2.6
Stealth        | |  1.7

Action                     |  1- 3 |  4- 6 || total
---------------------------+-------+-------++-------
   Fire: Shortbow          |   119 |    96 ||   215
    Use: Potion            |       |     2 ||     2
 Armour: Robe              |     9 |     8 ||    17
  Dodge: Dodged            |    24 |    36 ||    60

Table legend: (Time is in decaauts)
 A = Elapsed time spent in this place.
 B = Non-inter-level travel time spent in this place.
 C = Inter-level travel time spent in this place.
 D = Time resting spent in this place.
 E = Time spent auto-exploring this place.
 F = Levels seen in this place.
 G = Mean time per level.
                   A        B        C        D        E       F      G
               +--------+--------+--------+--------+--------+-----+--------+
         Total |   1477 |   1435 |     42 |      0 |   1065 |   4 |  369.2 |
       Dungeon |   1477 |   1435 |     42 |      0 |   1065 |   4 |  369.2 |
               +--------+--------+--------+--------+--------+-----+--------+

Top non-repeatable levels by time:
     D:1: 595 daAuts
     D:2: 538 daAuts
     D:3: 331 daAuts
     D:4: 12 daAuts
